 Dungeon Sprint DCSS version 0.27-a0-1149-g4505690ab0 (webtiles) character file.

Game seed: 12947235029380170487

7 Zeld the Shield-Bearer (level 2, -2/23 HPs)
             Began as an Octopode Fighter on May 13, 2021.
             Was an Initiate of Fedhas.
             Slain by a scorpion (9 damage)
             ... in the Dungeon (Sprint V: "Ziggurat Sprint").
             The game lasted 00:01:08 (148 turns).

Zeld the Shield-Bearer (Octopode Fighter)            Turns: 148, Time: 00:01:09

Health: -2/23      AC:  1    Str: 27    XL:     2   Next: 0%
Magic:  2/2        EV:  9    Int: 10    God:    Fedhas [......]
Gold:   0          SH: 19    Dex: 11    Spells: 1/1 levels left

rFire    . . .     SeeInvis .   j - +5 broad axe
rCold    . . .     Faith    .   i - +3 tower shield
rNeg     . . .     Spirit   .   (helmet restricted)
rPois    .         Reflect  .   (no amulet)
rElec    .         Harm     .   t - +6 ring of strength
rCorr    .         Rampage  .   s - +6 ring of strength
Will     .....     NoTele   +   (no ring)
Stlth    ++........             (no ring)
HPRegen  0.07/turn              (no ring)
MPRegen  0.08/turn              (no ring)
                                (no ring)
                                (no ring)

@: lethally poisoned (-2 -> -13)
A: almost no armour, amphibious, 8 rings, camouflage 1, gelatinous body 1,
(nimble swimmer 1), tentacles
a: Renounce Religion


You were in the Dungeon.
You worshipped Fedhas.
Fedhas was noncommittal.
You visited 1 branch

Inventory:

Hand Weapons
 j - a +5 broad axe (weapon)
Armour
 i - a +3 tower shield (worn)
Jewellery
 s - a +6 ring of strength (right tentacle)
 t - a +6 ring of strength (left tentacle)
Wands
 u - a wand of mindburst (7)
 v - a wand of iceblast (7)
 w - a wand of acid (7)
Scrolls
 h - 4 scrolls of blinking
 k - 4 scrolls of amnesia
 l - 7 scrolls of fog
 m - a scroll of holy word
 n - 5 scrolls of identify
 o - 2 scrolls of fear
Potions
 b - 6 potions of might
 c - 10 potions of curing
 d - 10 potions of heal wounds
 e - 6 potions of haste
 f - 7 potions of magic
 g - 3 potions of berserk rage
 p - 2 potions of brilliance
 q - 2 potions of invisibility
 r - 4 potions of resistance
Miscellaneous
 x - a lightning rod (3/4)


   Skills:
 + Level 4.4 Fighting
 * Level 4.4 Axes
 - Level 3.0 Dodging
 * Level 5.5 Shields
 - Level 2.0 Unarmed Combat


You had one spell level left.
You didn't know any spells.
Your spell library was empty.

Dungeon Overview and Level Annotations

Branches:
Dungeon (1/1)

Altars:
Ashenzari
Cheibriados
Dithmenos
Elyvilon
Fedhas
Gozag
Hepliaklqana
Kikubaaqudgha
Makhleb
Nemelex Xobeh
Okawaru
Qazlal
Ru
Sif Muna
Trog
Uskayaw
Vehumet
Wu Jian
Xom
Yredelemnul
Zin
The Shining One
Beogh
Jiyva
Lugonu

Annotations:
D 1 transporter


Innate Abilities, Weirdness & Mutations

You cannot wear most types of armour.
You are amphibious.
You can wear up to eight rings at the same time.
Your skin changes colour to match your surroundings (Stealth+).
Your rubbery body absorbs attacks. (AC +1, EV +1)
((You are camouflaged near water. (Stealth+)))
You have tentacles for arms and can constrict up to eight enemies at once.


Message History

You enter the transporter and appear at another place.
A jumping spider and a scorpion come into view.
Found a +1 pair of boots of rampaging and a staff of poison.
Found a transporter.
Unknown command.
Aiming: Thunderbolt
Press: ? - help, Shift-Dir - straight line, f - jumping spider
Aim: a jumping spider (asleep)
The thunderbolt hits the jumping spider.
The jumping spider is lightly wounded.
The jumping spider hisses angrily.
The jumping spider leaps!
You barely miss the jumping spider. You grab the jumping spider.
The jumping spider is lightly wounded.
You constrict the jumping spider, but do no damage.
The jumping spider pounces on you. The jumping spider bites you.
The jumping spider pounces on you. You block the jumping spider's attack.
The scorpion stings you but does no damage.
Unknown command.
You hit the jumping spider. You squeeze the jumping spider!
The jumping spider is severely wounded.
You hit the scorpion.
You constrict the jumping spider, but do no damage.
You block the jumping spider's attack. x2; You block the scorpion's attack.
The jumping spider barely misses you.
The jumping spider completely misses you.
You block the scorpion's attack. You block the jumping spider's attack.
The jumping spider bites you.
Unknown command.
You are too injured to fight recklessly!
Unknown command.
Unknown command.
You slash the jumping spider!
You kill the jumping spider!
Fedhas appreciates your contribution to the ecosystem.
You slash the scorpion! The scorpion stings you.
You are lethally poisoned!
The scorpion poisons you! The scorpion stings you!
You die...
Fedhas appreciates your contribution to the ecosystem.

▓▓▓▓▓▓▓
▓.8©8.▓
▓.....▓
▓.|.[.▓
▓.....▓
▓.s...▓
▓..@..▓
▓▓▓▓▓▓▓


You could see a scorpion.

Vanquished Creatures
  A jumping spider (D)
1 creature vanquished.

Notes
Turn   | Place    | Note
-------+----------+-------------------------------------------
     0 | D        | Zeld the Octopode Fighter began the quest for the Orb.
     0 | D        | Reached XP level 1. HP: 16/16 MP: 1/1
     2 | D        | Found a blossoming altar of Fedhas.
     3 | D        | Found the +6 Majin-Bo {vamp, MP+6 Int+6}
     3 | D        | Found the +9 heavy crossbow "Sniper" {vorpal, Acc+∞ SInv}
     3 | D        | Found the +10 dark maul {vorpal}
     3 | D        | Found the +15 Maxwell's patent armour {-Cast -Tele rElec
                  | Will+ rCorr}
     3 | D        | Found the +18 shield of the Gong {rElec rN+ Will+ EV-5}
     3 | D        | Found the +14 obsidian axe {vorpal, Drain Fly SInv}
     3 | D        | Found the +7 great mace "Firestarter" {inner flame, rF++}
     3 | D        | Found the +6 shillelagh "Devastator" {shatter}
     3 | D        | Found the +11 plutonium sword {Contam Stlth-}
     3 | D        | Found the +8 lance "Wyrmbane" {slay drac, rPois rF+ rC+
                  | AC+3}
     3 | D        | Found the +9 sword of Zonguldrok {reap}
     3 | D        | Found the +13 scythe of Curses {drain, Drain}
     3 | D        | Found the +5 sword of Power {vorpal}
     3 | D        | Found the +7 mace of Variability {chain chaos}
     3 | D        | Found the +7 Singing Sword {vorpal, sonic wave}
     3 | D        | Found the +8 storm bow {elec, penet}
     4 | D        | Found a viscous altar of Jiyva.
     4 | D        | Found a hazy altar of Hepliaklqana.
     4 | D        | Found a transporter.
     4 | D        | Found an opulent altar of Gozag.
     4 | D        | Found an ancient bone altar of Kikubaaqudgha.
     4 | D        | Found a corrupted altar of Lugonu.
     8 | D        | Found a burning altar of Makhleb.
    10 | D        | Found a sacrificial altar of Ru.
    10 | D        | Found a shimmering blue altar of Sif Muna.
    10 | D        | Found a stormy altar of Qazlal.
    10 | D        | Found a bloodstained altar of Trog.
    10 | D        | Found an iron altar of Okawaru.
    10 | D        | Found a sparkling altar of Nemelex Xobeh.
    23 | D        | Reached skill level 5 in Shields
    23 | D        | Reached XP level 2. HP: 23/23 MP: 2/2
    24 | D        | Became a worshipper of Fedhas Madash
   144 | D        | Entered arena 2.
   144 | D        | Noticed a scorpion
   144 | D        | Noticed a jumping spider
   144 | D        | Found a transporter.
   148 | D        | Killed a jumping spider
   148 | D        | Slain by a scorpion

Illustrated notes

Levels and vault maps discovered:
D:        sprint_v [room_start, room_1, room_2, room_3, room_4, room_5, room_6,
          room_7, room_8, room_9, room_10, room_11, room_12, room_13, room_14,
          room_15, room_16, room_17, room_18, room_19, room_20, room_21,
          room_22, room_23, room_24, room_25, room_26, room_27]

Skill      XL: |  1 |
---------------+----+-----
Fighting       | 4 |  4.4
Axes           | 4 |  4.4
Shields        | 5 |  5.5
Dodging        | |  3.0
Unarmed Combat | |  2.0

Action                   || total
-------------------------++-------
Melee: Broad axe         ||     3
       Constrict         ||     1
       Tentacles         ||     1
Evoke: Lightning rod     ||     1
  Use: Potion            ||     1
Armor: Skin              ||     1
Dodge: Dodged            ||     2
Block: Tower shield      ||     6

Table legend: (Time is in decaauts)
 A = Elapsed time spent in this place.
 B = Non-inter-level travel time spent in this place.
 C = Inter-level travel time spent in this place.
 D = Time resting spent in this place.
 E = Time spent auto-exploring this place.
 F = Levels seen in this place.
 G = Mean time per level.
                   A        B        C        D        E       F      G
               +--------+--------+--------+--------+--------+-----+--------+
         Total |    148 |    148 |      0 |     70 |      0 |   1 |  148.0 |
       Dungeon |    148 |    148 |      0 |     70 |      0 |   1 |  148.0 |
               +--------+--------+--------+--------+--------+-----+--------+

Top non-repeatable levels by time:
       D: 148 daAuts
